 Dungeon Crawl Stone Soup version 0.27.1-36-g1b1ada6b1e (webtiles) character file.

Game seed: 15022886219870432370

32 Mickster the Skirmisher (level 2, -19/26 HPs)
             Began as a Demigod Wanderer on Feb 17, 2023.
             Killed by an exploding goblin (45 damage)
             ... ignited by their inner flame
             ... on level 2 of the Dungeon.
             The game lasted 00:08:13 (993 turns).

Mickster the Skirmisher (Demigod Wanderer)           Turns: 993, Time: 00:08:14

Health: -19/26     AC:  2    Str: 14    XL:     2   Next: 93%
Magic:  5/5        EV: 12    Int: 12    God:
Gold:   68         SH:  0    Dex: 14    Spells: 2/2 levels left

rFire    . . .     SeeInvis .   a - +2 short sword
rCold    . . .     Faith    .   (no shield)
rNeg     . . .     Spirit   .   c - +0 robe
rPois    .         Reflect  .   (no helmet)
rElec    .         Harm     .   (no cloak)
rCorr    .         Rampage  .   (no gloves)
Will     .....                  (no boots)
Stlth    ++........             (no amulet)
HPRegen  0.08/turn              (no ring)
MPRegen  0.09/turn              (no ring)

@: no status effects
A: high mp 1, forlorn
a: no special abilities


You were on level 2 of the Dungeon.
You visited 1 branch of the dungeon, and saw 2 of its levels.

You collected 68 gold pieces.

Inventory:

Hand Weapons
 a - a +2 short sword (weapon)
 f - a +0 mace
Armour
 c - a +0 robe (worn)
Scrolls
 b - 2 scrolls of teleportation
Potions
 d - a potion of heal wounds {unknown}


   Skills:
 + Level 3.0 Fighting
 * Level 2.5 Short Blades
 + Level 1.0 Polearms
 + Level 1.7 Dodging
 * Level 1.5 Stealth
 + Level 1.0 Shields
 * Level 0.6 Spellcasting


You had 2 spell levels left.
You didn't know any spells.
Your spell library was empty.

Dungeon Overview and Level Annotations

Branches:
Dungeon (2/15)


Innate Abilities, Weirdness & Mutations

Your attributes grow dramatically as you level up.
You have an increased reservoir of magic. (+10% MP)
You shall have no god before yourself.


Message History

You closely miss the goblin. The goblin hits you with a +0 club.
You closely miss the goblin. The goblin misses you.
You hit the goblin.
You kill the goblin!
Things that are here:
a +0 club; a goblin corpse; a giant cockroach corpse
Found a mace.
Found two gnoll skeletons.
There is an open door here.
You see here a +0 mace.
f - a +0 mace You open the door.
Found a faded altar of an unknown god.
There is an open door here.
There is a faded altar of an unknown god here.
There is an open door here.
There is an open door here.
You open the door.
There is an open door here.
There is a stone staircase leading down here.
You climb downwards.
Found 17 gold pieces.
There is a stone staircase leading up here.
You now have 68 gold pieces (gained 17).
Found a stone staircase leading up.
Found a scroll labelled ZYOLONL IXUHUE.
A goblin comes into view. It is wielding a +0 dagger.
You see here a scroll labelled ZYOLONL IXUHUE.
As you read the scroll labelled EJUFFO XOINO, it crumbles to dust.
The creatures around you are filled with an inner flame!
It was a scroll of immolation.
The goblin shouts!
A ball python comes into view.
A quokka comes into view.
The goblin barely misses you.
The ball python hisses angrily.
You hit the goblin.
The goblin explodes!
The fiery explosion engulfs you!!!
Ouch! That really hurt!
You die...

.##.... ..
....... ..
#.....#.# # #
.#.r...#.#.#.#
...S...#.#.#.#
......§§§....# .
......§§§#.#.#..
.......@........
##...#..........
... #.........#
. #..?#.#...#
#...#.# ..#
#...#.# #
#.<...#
#.#.#.######
#...........


You could see a quokka and a ball python.

Vanquished Creatures
  A gnoll (D:1)
  A ball python (D:1)
  An endoplasm (D:1)
  3 giant cockroaches (D:1)
  4 goblins
  4 jackals (D:1)
  2 kobolds (D:1)
  A quokka (D:1)
  A frilled lizard (D:1)
  A rat (D:1)
19 creatures vanquished.

Notes
Turn   | Place    | Note
-------+----------+-------------------------------------------
     0 | D:1      | Mickster the Demigod Wanderer began the quest for the Orb.
     0 | D:1      | Mickster set off with the following items: a +2 short
                  | sword, 2 scrolls of teleportation, a +0 robe
     0 | D:1      | Reached XP level 1. HP: 18/18 MP: 3/3
   305 | D:1      | Reached XP level 2. HP: 25/25 MP: 4/4
   688 | D:1      | Reached skill level 3 in Fighting
   993 | D:2      | Killed by an exploding goblin... ignited by their inner
                  | flame

Illustrated notes

Levels and vault maps discovered:
D:1:      tarquinn_simple_flora_water_b, layout_rooms,
          dilly_ecumenical_altar_fadedgnrine
D:2:      layout_basic, serial_curves, eino_curves_03, eino_curves_01

Skill      XL: |  1  2 |
---------------+-------+-----
Short Blades   | 2 |  2.5
Fighting       | 3 |  3.0
Polearms       | |  1.0
Dodging        | |  1.7
Stealth        | |  1.5
Shields        | |  1.0
Spellcasting   | |  0.6

Action                   || total
-------------------------++-------
Melee: Short sword       ||    51
  Use: Scroll            ||     1
 Stab: Sleeping          ||     1
Armor: Robe              ||     8
Dodge: Dodged            ||    28
